[Event "TePe Sigeman & Co Chess Tournament 2025"]
[Site "Elite Plaza Hotel, Gustav Adolfs Torg 49, Malmo, Sweden"]
[Date "2025.05.20"]
[Round "1.1"]
[White "Tan, Zhongyi"]
[Black "Sindarov, Javokhir"]
[Result "0-1"]
[TimeControl "90 minutes for 40 moves + 30 minutes for the rest of the game + 30 seconds per move from move one."]
[WhiteTitle "GM"]
[BlackTitle "GM"]
[WhiteFideId "8603642"]
[BlackFideId "14205483"]
[WhiteElo "2536"]
[BlackElo "2706"]

1. d4 Nf6 2. c4 g6 3. Nc3 Bg7 4. g3 O-O 5. Bg2 d6 6. Nf3 c6 7. O-O Qb6 8. h3 Qa6 9. b3 b5 10.
Nd2 Bb7 11. Bb2 Nbd7 12. e4 bxc4 13. Nxc4 d5 14. Ne5 e6 15. Na4 dxe4 16. Qc2 Rac8 17. Rfc1 Ba8 18. Bf1 Qa5 19. Nc5 Nxc5 20.
Nc4 Qb4 21. Bc3 Qb5 22. Nd6 Qb6 23. Nxc8 Rxc8 24. dxc5 Qxc5 25. Bxf6 Qxc2 26. Rxc2 Bxf6 27. Re1 c5 28. Bg2 Bb7 29.
Bxe4 Ba6 30. Rd1 Bb5 31. a4 Be8 32. Rd6 Rc7 33. Rc4 Bd7 34. Ra6 Bd4 35. Kg2 e5 36. Bd5 Bf5 37. Rd6 Kf8 38.
Rd8+ Ke7 39. Rb8 Kd6 40. Ba8 a5 41. Rb6+ Ke7 42. Ra6 Rc8 43. Ra7+ Kd6 44. Bf3 Bd3 45. Ra6+ Ke7 46. Bd5 Rd8 47.
Ra7+ Kf8 48. Bxf7 Rd6 49. f3 e4 50. f4 e3 51. Kf3 e2 52. Rc1 c4 53. Rc7 Bb6 54. Rb7 Be4+ 55. Kxe2 Bxb7 56.
Bxc4 Bg2 57. h4 Bh3 58. Kf3 h5 59. Bb5 Rd2 60. Ke4 Bf5+ 61. Kd4 0-1

[Event "TePe Sigeman & Co Chess Tournament 2025"]
[Site "Elite Plaza Hotel, Gustav Adolfs Torg 49, Malmo, Sweden"]
[Date "2025.05.20"]
[Round "1.2"]
[White "Erdogmus, Yagiz Kaan"]
[Black "Grandelius, Nils"]
[Result "1/2-1/2"]
[TimeControl "90 minutes for 40 moves + 30 minutes for the rest of the game + 30 seconds per move from move one."]
[WhiteTitle "GM"]
[BlackTitle "GM"]
[WhiteFideId "44599790"]
[BlackFideId "1710400"]
[WhiteElo "2618"]
[BlackElo "2637"]

1. e4 e5 2. Nf3 Nc6 3. Bb5 a6 4. Bxc6 dxc6 5. O-O Bd6 6. d4 exd4 7. Qxd4 f6 8. Nbd2 Be6 9. b3 Ne7 10.
Nc4 Bxc4 11. Qxc4 Qd7 12. Bb2 Ng6 13. Nd4 O-O-O 14. Nf5 Be5 15. Bxe5 Nxe5 16. Qc3 g6 17. Ne3 Qe6 18. Rae1 Rhe8 19.
f4 Nd7 20. Nc4 b6 21. a4 Kb7 22. b4 Qe7 23. e5 fxe5 24. fxe5 a5 25. bxa5 Qc5+ 26. Re3 Nxe5 27. Nxe5 Qxc3 28.
Rxc3 Rxe5 29. axb6 cxb6 30. Rf7+ Ka6 31. Rxc6 Rd2 32. Kf1 Rd1+ 33. Kf2 Rd2+ 34. Kf1 Rd1+ 35. Kf2 Rd2+ 36. Kf1 Rd1+ 1/2-1/2

[Event "TePe Sigeman & Co Chess Tournament 2025"]
[Site "Elite Plaza Hotel, Gustav Adolfs Torg 49, Malmo, Sweden"]
[Date "2025.05.20"]
[Round "1.3"]
[White "Rapport, Richard"]
[Black "L'Ami, Erwin"]
[Result "1-0"]
[TimeControl "90 minutes for 40 moves + 30 minutes for the rest of the game + 30 seconds per move from move one."]
[WhiteTitle "GM"]
[BlackTitle "GM"]
[WhiteFideId "738590"]
[BlackFideId "1007998"]
[WhiteElo "2722"]
[BlackElo "2621"]

1. c4 e5 2. Nc3 Bb4 3. Nd5 Be7 4. Nf3 d6 5. d4 Nc6 6. g3 Nf6 7. Bg2 Nxd5 8. cxd5 Nxd4 9. Nxd4 exd4 10.
Qxd4 Bf6 11. Qd3 O-O 12. O-O Re8 13. Re1 g6 14. Rb1 Bf5 15. e4 Bd7 16. Bf4 a5 17. h4 a4 18. Qd2 b6 19.
Rbc1 Ra5 20. Be3 h5 21. Rc2 a3 22. b4 Ra7 23. Bd4 Kh7 24. f4 Bg4 25. Rc3 Bxd4+ 26. Qxd4 Qe7 27. Ree3 Rea8 28.
Bf1 Kg8 29. Bb5 Bd7 30. Bd3 Qf8 31. Kf2 Qg7 32. Qxg7+ Kxg7 33. Re1 Rc8 34. Rec1 Kf6 35. Ke3 Ke7 36. e5 b5 37. Kd2 Be8 38.
Be4 Bd7 39. Kc2 Be8 40. Kb3 Bd7 41. Bd3 Be8 42. Be2 Bd7 43. Bf1 f6 44. e6 Be8 45. f5 g5 46. g4 hxg4 47. h5 Kf8 48.
h6 Kg8 49. Be2 Kh7 50. Bxg4 c5 51. dxc6 Rac7 52. Bf3 g4 53. Bxg4 Rxc6 54. Rxc6 Rxc6 55. Rh1 Rc4 56. Bh5 Bxh5 57.
Rxh5 d5 58. Rh2 Re4 59. Kc3 1-0

[Event "TePe Sigeman & Co Chess Tournament 2025"]
[Site "Elite Plaza Hotel, Gustav Adolfs Torg 49, Malmo, Sweden"]
[Date "2025.05.20"]
[Round "1.4"]
[White "Ivanchuk, Vasyl"]
[Black "Robson, Ray"]
[Result "1/2-1/2"]
[TimeControl "90 minutes for 40 moves + 30 minutes for the rest of the game + 30 seconds per move from move one."]
[WhiteTitle "GM"]
[BlackTitle "GM"]
[WhiteFideId "14100010"]
[BlackFideId "2023970"]
[WhiteElo "2644"]
[BlackElo "2692"]

1. e4 e5 2. Nf3 Nc6 3. Bb5 Nf6 4. d3 Bc5 5. Bxc6 dxc6 6. Qe2 Nd7 7. Be3 Bxe3 8. Qxe3 c5 9. Nc3 b6 10.
O-O-O Bb7 11. Nd2 Qe7 12. f4 exf4 13. Qxf4 O-O-O 14. Nc4 Nf8 15. Qf5+ Kb8 16. Rhe1 Ne6 17. Kb1 Nd4 18. Qf2 f6 19.
h3 h5 20. Ne2 Nxe2 21. Qxe2 Bc8 22. Ne3 Be6 23. Qf2 Qd7 24. Re2 a5 25. Red2 a4 26. a3 Rhf8 27. Qf3 g6 28. Rf2 f5 29.
exf5 Bxf5 30. Qg3 Qe7 31. Nxf5 Rxf5 32. Rxf5 gxf5 33. Qf3 Rg8 34. Qxh5 Rxg2 35. Qxf5 Qe2 36. Rc1 Rh2 37. Qd7 Kb7 38.
Qd5+ Kb8 39. Qd7 Kb7 40. Qxa4 Rxh3 41. Qd7 Qg2 42. Qe6 Rh5 43. Re1 Qd5 44. Qe2 Rh8 45. Rf1 Qc6 46. Rf5 Re8 47.
Qf1 Rh8 48. Rg5 Rh2 49. Rg1 Rh8 50. Qf7 Qe8 51. Qc4 Rf8 52. Rg7 Qc6 53. Re7 Rf5 54. Re1 Qd5 55. Qa4 Rf2 56. b3 Qd4 57.
Qxd4 cxd4 58. Re6 c5 59. b4 cxb4 60. axb4 Rf5 61. Rd6 Rf4 62. b5 Rf5 63. Rd7+ Kc8 64. Rxd4 Rxb5+ 65. Ka2 Kc7 66.
Ka3 Rh5 67. Kb4 Kc6 68. Rc4+ Kb7 69. Rg4 Rh1 70. Rg7+ Kc6 71. Rg6+ Kc7 72. d4 Rc1 73. c3 Rb1+ 74. Kc4 Rc1 75.
d5 Rd1 76. Rc6+ Kb7 77. Rd6 Kc7 78. Re6 Rd2 79. Re4 Kd6 80. Re6+ Kc7 81. Re5 Rd1 82. Re2 Kd6 83. Rb2 Kc7 84. Rb5 Kb7 85. Kb3 Rb1+ 86.
Kc4 Rd1 87. Rb2 Kc7 88. Rh2 Kd6 89. Rh4 Rd2 90. Kb5 Kxd5 91. Kxb6 Rc2 92. Rd4+ Ke5 93. Rc4 Kd6 94. Rc6 Kd5 95.
Rc5+ Ke4 96. Kb5 Kd3 97. c4 Rb2+ 98. Kc6 Rh2 99. Kb6 Kd4 100. Rc6 Rb2+ 101. Ka5 Ra2+ 102. Kb5 Rb2+ 103. Ka4 Rb1 104.
Rc8 Ra1+ 105. Kb3 Rb1+ 106. Ka3 Kc3 107. Ka2 Rb2+ 108. Ka1 Rb4 109. Rh8 Rxc4 110. Rh3+ 1/2-1/2

[Event "TePe Sigeman & Co Chess Tournament 2025"]
[Site "Elite Plaza Hotel, Gustav Adolfs Torg 49, Malmo, Sweden"]
[Date "2025.05.21"]
[Round "2.1"]
[White "Sindarov, Javokhir"]
[Black "Robson, Ray"]
[Result "1/2-1/2"]
[TimeControl "90 minutes for 40 moves + 30 minutes for the rest of the game + 30 seconds per move from move one."]
[WhiteTitle "GM"]
[BlackTitle "GM"]
[WhiteFideId "14205483"]
[BlackFideId "2023970"]
[WhiteElo "2706"]
[BlackElo "2692"]

1. d4 Nf6 2. c4 e6 3. Nf3 d5 4. Nc3 c5 5. cxd5 cxd4 6. Qxd4 exd5 7. e4 dxe4 8. Qxd8+ Kxd8 9. Ng5 Be6 10.
Nxe6+ fxe6 11. Bg5 Ke8 12. O-O-O Nc6 13. Bxf6 gxf6 14. Nxe4 f5 15. Ng5 Ke7 16. Bc4 Bh6 17. h4 Rad8 18.
Kb1 Rxd1+ 19. Rxd1 Bxg5 20. hxg5 Rg8 21. f4 h6 22. gxh6 Rxg2 23. Rh1 Rg8 24. h7 Rh8 25. Kc2 Nd8 26.
b4 Kf6 27. b5 b6 28. Kc3 Nf7 29. a4 Re8 30. Re1 Nh8 31. Rg1 Re7 32. Rh1 Kg7 33. Re1 Kf6 34. Rh1 Kg7 35. Re1 Kf6 36.
Rh1 1/2-1/2

[Event "TePe Sigeman & Co Chess Tournament 2025"]
[Site "Elite Plaza Hotel, Gustav Adolfs Torg 49, Malmo, Sweden"]
[Date "2025.05.21"]
[Round "2.2"]
[White "L'Ami, Erwin"]
[Black "Ivanchuk, Vasyl"]
[Result "1/2-1/2"]
[TimeControl "90 minutes for 40 moves + 30 minutes for the rest of the game + 30 seconds per move from move one."]
[WhiteTitle "GM"]
[BlackTitle "GM"]
[WhiteFideId "1007998"]
[BlackFideId "14100010"]
[WhiteElo "2621"]
[BlackElo "2644"]

1. d4 Nf6 2. c4 e6 3. Nf3 c5 4. d5 d6 5. Nc3 exd5 6. cxd5 g6 7. Bf4 Bg7 8. h3 O-O 9. e3 Na6 10.
Be2 Nc7 11. O-O Re8 12. a4 a6 13. Qb3 Rb8 14. a5 Ne4 15. Rfd1 b5 16. axb6 Nxc3 17. bxc3 Nb5 18. Bxb5 axb5 19.
Qxb5 Rxb6 20. Qa5 Bf5 21. Rac1 Qb8 22.
Qa2 Qb7 23. Nd2 Ra8 24. Qc4 Ra3 25. Ne4 Qa6 26. Qxa6 Raxa6 27. Ng3 Bd7 28. e4 h5 29. Nf1 Ra4 30. Nd2 f5 31. c4 Bb2 32.
Rb1 Rab4 33. Re1 Bd4 34. Rxb4 cxb4 35. e5 dxe5 36. Bxe5 Bc3 37. c5 Rb5 38. c6 Rxd5 39. cxd7 Bxd2 40.
Bd6 Rxd6 41. Re8+ Kf7 42. d8=Q Rxd8 43. Rxd8 Bc3 44. Rb8 h4 45. Kf1 Kf6 46. Ke2 Kg5 47. Rb6 Kh6 48. Kd3 Be1 49.
Ke3 Bc3 50. Rb7 Kg5 51. f4+ Kf6 52. Kd3 Ke6 53. Rb6+ Kf7 54. Rd6 Bb2 55. Kc2 Bc3 56. Kb3 Kg7 57. Kc4 Kf7 58. Rd3 Be1 59.
Rd7+ Ke6 60. Rd1 Bc3 61. Kc5 Ke7 62. Rd3 Ke6 63. Re3+ Kf7 64. Rd3 Ke6 65. Kc4 Kf6 66. Rd6+ Kf7 67.
Kb3 Kg7 68. Kc2 Kf7 69. Rb6 Kg7 70. Rb7+ Kf6 71. Kd1 Ke6 72. Rh7 Kf6 73. Kc2 Be1 74. Kd3 Bc3 75. Rc7 Ke6 76. Rb7 Kf6 77.
Rh7 Be1 78. Rh8 Kf7 79. Rb8 Bc3 80. Rd8 Ke7 81. Rd5 Kf7 82. Rd6 Be1 83. Kc4 Bc3 84. Rd7+ Ke6 85. Rd1 Ke7 86. Kd5 Kf7 87.
Rd3 Ke7 88. Kc5 Ke6 89. Kc6 Ke7 90. Kc7 Bb2 91. Rd7 Ke6 92. Rd6+ Kf7 93. Rc6 Bc3 94. Kd6 Bd2 95. Ke5 Bc3+ 96.
Kd5 Bd2 97. Rc4 Kf6 98. Rd4 Bc3 99. Rd3 Bb2 100. Rd1 1/2-1/2

[Event "TePe Sigeman & Co Chess Tournament 2025"]
[Site "Elite Plaza Hotel, Gustav Adolfs Torg 49, Malmo, Sweden"]
[Date "2025.05.21"]
[Round "2.3"]
[White "Grandelius, Nils"]
[Black "Rapport, Richard"]
[Result "1/2-1/2"]
[TimeControl "90 minutes for 40 moves + 30 minutes for the rest of the game + 30 seconds per move from move one."]
[WhiteTitle "GM"]
[BlackTitle "GM"]
[WhiteFideId "1710400"]
[BlackFideId "738590"]
[WhiteElo "2637"]
[BlackElo "2722"]

1. e4 c5 2. Nf3 Nc6 3. d4 cxd4 4. Nxd4 Nf6 5. Nc3 e5 6. Ndb5 d6 7. Nd5 Nxd5 8.
exd5 Ne7 9. a4 a6 10. Nc3 Ng6 11. g3 Be7 12. h4 O-O 13. h5 Nh8 14. h6 g6 15. Be3 f5 16. a5 Bd7 17.
Qd2 Nf7 18. f4 Qe8 19. Kd1 Bd8 20. Qf2 Bc7 21. Bb6 Bxb6 22. Qxb6 Qe7 23. Kd2 Rae8 24. Re1 Bc8 25. Bc4 Qf6 26.
Qf2 Bd7 27. Qb6 Re7 28. Kc1 Rfe8 29. Kb1 exf4 30. Rxe7 Qxe7 31. gxf4 Bc8 32. Qd4 Qf8 33. Qf6 Nd8 34. Qd4 Nf7 35.
Qf6 Nd8 36. Qd4 1/2-1/2

[Event "TePe Sigeman & Co Chess Tournament 2025"]
[Site "Elite Plaza Hotel, Gustav Adolfs Torg 49, Malmo, Sweden"]
[Date "2025.05.21"]
[Round "2.4"]
[White "Tan, Zhongyi"]
[Black "Erdogmus, Yagiz Kaan"]
[Result "0-1"]
[TimeControl "90 minutes for 40 moves + 30 minutes for the rest of the game + 30 seconds per move from move one."]
[WhiteTitle "GM"]
[BlackTitle "GM"]
[WhiteFideId "8603642"]
[BlackFideId "44599790"]
[WhiteElo "2536"]
[BlackElo "2618"]

1. d4 d5 2. c4 dxc4 3. Nf3 c5 4. e3 cxd4 5. Bxc4 Qc7 6. Bb3 dxe3 7. Bxe3 Nf6 8. Nc3 e6 9. O-O Nc6 10.
Rc1 Be7 11. Nb5 Qb8 12. Qd2 Bb4 13. Qe2 O-O 14. Rfd1 a6 15. Nbd4 Ne7 16. Bg5 Ng6 17. Bxf6 gxf6 18. Nc2 Be7 19.
Ne3 b5 20. Nd4 Bb7 21. Nc6 Bxc6 22. Rxc6 Qe5 23. g3 Bc5 24. Rd5 exd5 25. Rxc5 Rac8 26. Rxd5 Rc1+ 27. Kg2 Qe4+ 28. Kh3 Ne5 29.
Qh5 Qg6 30. Qf5 Rg1 31. Rd4 Kh8 32. Bc2 Rg8 33. Rh4 Qxf5+ 34. Bxf5 Rg7 35. Be4 Re1 36. Rf4 h5 37. Rh4 Kg8 38.
Rxh5 Re2 39. Nd5 Rxf2 40. Bf5 Nf3 41. Nxf6+ Kf8 42. g4 Rxb2 43. Rh8+ Ke7 44. Nh5 Rg5 45. Kg3 Nxh2 46. Kf4 Rxg4+ 47. Bxg4 Rb4+ 48. Kg3 Nxg4 49.
Ng7 Nf6 50. Kf3 Ra4 51. Rh2 Ng4 52. Re2+ Kf6 53. Ne8+ Kg5 54. Nc7 Ra3+ 55. Ke4 f5+ 56. Kd5 Kh4 57. Ne6 Kg3 58. Nd4 f4 59.
Nf5+ Kh3 60. Re7 Ne3+ 61. Nxe3 Rxe3 62. Ra7 f3 63. Kd4 Ra3 0-1

[Event "TePe Sigeman & Co Chess Tournament 2025"]
[Site "Elite Plaza Hotel, Gustav Adolfs Torg 49, Malmo, Sweden"]
[Date "2025.05.22"]
[Round "3.1"]
[White "Erdogmus, Yagiz Kaan"]
[Black "Sindarov, Javokhir"]
[Result "1/2-1/2"]
[TimeControl "90 minutes for 40 moves + 30 minutes for the rest of the game + 30 seconds per move from move one."]
[WhiteTitle "GM"]
[BlackTitle "GM"]
[WhiteFideId "44599790"]
[BlackFideId "14205483"]
[WhiteElo "2618"]
[BlackElo "2706"]

1. e4 e5 2. Nf3 Nc6 3. Bb5 a6 4. Bxc6 dxc6 5. O-O f6 6. d4 exd4 7. Nxd4 c5 8. Ne2 Qxd1 9. Rxd1 Bd7 10.
Be3 O-O-O 11. Nbc3 Re8 12. Rd2 Bc6 13. Rad1 b6 14. f3 Ne7 15. Nf4 Ng6 16. Ncd5 Ne5 17. b3 h5 18. h4 Kb7 19.
c4 Bd6 20. Kf2 Ref8 21. Nd3 Bxd5 22. exd5 Nxd3+ 23. Rxd3 Kc8 24. Re1 Re8 25. Bd2 Kd7 26. Rxe8 Kxe8 27. a4 a5 28. Re3+ Kf7 29.
Re4 Re8 30. Rxe8 Kxe8 31. g4 g6 32. gxh5 gxh5 33. f4 f5 34. Kg3 Kf7 35. Bc3 Kg6 36. Be5 Kf7 37. Bxd6 cxd6 38. Kh2 Kg6 39.
Kg3 Kf7 40. Kh2 Kg6 1/2-1/2

[Event "TePe Sigeman & Co Chess Tournament 2025"]
[Site "Elite Plaza Hotel, Gustav Adolfs Torg 49, Malmo, Sweden"]
[Date "2025.05.22"]
[Round "3.2"]
[White "Rapport, Richard"]
[Black "Tan, Zhongyi"]
[Result "0-1"]
[TimeControl "90 minutes for 40 moves + 30 minutes for the rest of the game + 30 seconds per move from move one."]
[WhiteTitle "GM"]
[BlackTitle "GM"]
[WhiteFideId "738590"]
[BlackFideId "8603642"]
[WhiteElo "2722"]
[BlackElo "2536"]

1. e4 e5 2. Nf3 Nc6 3. Bb5 a6 4. Ba4 Nf6 5. d3 b5 6. Bb3 d6 7. a4 Bd7 8. Nc3 Na5 9. Ba2 Be7 10.
b4 Nc6 11. Nd5 Nd4 12. Nxd4 exd4 13. Bb2 Nxd5 14. Bxd5 c6 15. Bb3 Bf6 16. Ra2 O-O 17. O-O Be6 18. Bxe6 fxe6 19. Qg4 Qc8 20.
axb5 cxb5 21. Bc1 e5 22. h3 Qxg4 23. hxg4 h6 24. g3 Rfc8 25. f4 Rc6 26. Rf2 Bd8 27. Kg2 Rac8 28. Kf3 Kf7 29.
g5 hxg5 30. f5 Be7 31. Kg4 Rh8 32. Bxg5 Bf6 33. Ra1 Rh7 34. Rc1 Rh8 35. Bd2 Rhc8 36. Be1 Be7 37. Rh2 Bf6 38. Rg2 Be7 39.
Re2 Bf6 40. Kf3 Bg5 41. Bd2 Be7 42. Be1 Bg5 43. Bd2 Be7 44. Ra1 Rxc2 45. Rxa6 Rb2 46. Ra7 Rcc2 47. Bg5 Rxe2 48. Bxe7 Ra2 49.
Rb7 d5 50. exd5 e4+ 51. dxe4 Rf2+ 52. Kg4 d3 53. Bg5+ Kg8 54. d6 d2 55. Bxd2 Raxd2 56. e5 Rd4+ 57. Kh3 Rxf5 58. d7 Kf8 0-1

[Event "TePe Sigeman & Co Chess Tournament 2025"]
[Site "Elite Plaza Hotel, Gustav Adolfs Torg 49, Malmo, Sweden"]
[Date "2025.05.22"]
[Round "3.3"]
[White "Ivanchuk, Vasyl"]
[Black "Grandelius, Nils"]
[Result "0-1"]
[TimeControl "90 minutes for 40 moves + 30 minutes for the rest of the game + 30 seconds per move from move one."]
[WhiteTitle "GM"]
[BlackTitle "GM"]
[WhiteFideId "14100010"]
[BlackFideId "1710400"]
[WhiteElo "2644"]
[BlackElo "2637"]

1. c4 c6 2. Nf3 d5 3. d4 Nf6 4.
g3 dxc4 5. Bg2 g6 6. O-O Bg7 7. a4 Be6 8. Nc3 Nd5 9. e4 Nb4 10. h3 O-O 11. Be3 N8a6 12. Ne2 Nd3 13. b3 Nab4 14.
Ng5 Bd7 15. bxc4 c5 16. Ra3 cxd4 17. Nxd4 Ne5 18. Qb3 Nbc6 19. Nxc6 Nxc6 20. c5 Qc8 21. Kh2 Nd4 22. Qd3 e5 23. Rc1 Qd8 24. Bxd4 exd4 25.
f4 Rc8 26. e5 Bxe5 27. Bxb7 Rc7 28. Bg2 Bg7 29. c6 h6 30. Raa1 hxg5 31. cxd7 gxf4 32. gxf4 Qxd7 33. f5 Rfc8 34. Rxc7 Qxc7+ 35. Kh1 g5 36. f6 Bxf6 37. Qf5 Bg7 38. Re1 Rd8 39. Qxg5 d3 40.
Bf3 Qd7 41. Kg2 Rb8 42. Re4 d2 43. Bd1 Qc6 44. Kf3 f5 45. Qxf5 Rf8 46. Qxf8+ Kxf8 47. Ke3 Bh6+ 48. Kd3 Qd5+ 49.
Rd4 Qf5+ 50. Ke2 Qh5+ 0-1

[Event "TePe Sigeman & Co Chess Tournament 2025"]
[Site "Elite Plaza Hotel, Gustav Adolfs Torg 49, Malmo, Sweden"]
[Date "2025.05.22"]
[Round "3.4"]
[White "Robson, Ray"]
[Black "L'Ami, Erwin"]
[Result "1/2-1/2"]
[TimeControl "90 minutes for 40 moves + 30 minutes for the rest of the game + 30 seconds per move from move one."]
[WhiteTitle "GM"]
[BlackTitle "GM"]
[WhiteFideId "2023970"]
[BlackFideId "1007998"]
[WhiteElo "2692"]
[BlackElo "2621"]

1. e4 c5 2. Nf3 d6 3. d4 cxd4 4. Nxd4 Nf6 5. Nc3 a6 6. Be3 e5 7. Nb3 Be6 8. f3 h5 9. Qd2 Nbd7 10.
O-O-O Rc8 11. Kb1 Be7 12. a4 Nb6 13. a5 Nc4 14. Bxc4 Rxc4 15. Bg5 Qc7 16. Bxf6 gxf6 17. f4 exf4 18.
Nd5 Bxd5 19. exd5 f5 20. Rhe1 O-O 21. Qd3 Bf6 22. Qxf5 Kg7 23. Re2 Qc8 24. Qd3 Rb4 25. g3 Re8 26.
gxf4 Rxe2 27. Qxe2 Qg4 28. Qxg4+ hxg4 29. Rg1 Rxf4 30. h3 Kg6 31. hxg4 Rb4 32. g5 Be5 33. Ka2 Ra4+ 34. Kb1 Rb4 35.
Ka2 Ra4+ 36. Kb1 Rb4 1/2-1/2